 Dungeon Crawl Stone Soup version 0.28-a0-1152-g9c71ebef14 (webtiles) character file.

Game seed: 2003148010257014449

1 spaghetti the Sneak (level 1, -3/16 HPs)
             Began as an Octopode Delver on Dec 14, 2021.
             Slain by a wyvern zombie (8 damage)
             ... on level 5 of the Dungeon.
             The game lasted 00:00:38 (95 turns).

spaghetti the Sneak (Octopode Delver)                 Turns: 95, Time: 00:00:39

Health: -3/16      AC:  1    Str: 11    XL:     1   Next: 20%
Magic:  1/1        EV: 13    Int: 12    God:
Gold:   12         SH:  0    Dex: 13    Spells: 0/0 levels left

rFire   . . .      SeeInvis .   a - +0 falchion {long}
rCold   . . .      Faith    .   (no shield)
rNeg    . . .      Spirit   .   (helmet restricted)
rPois   .          Reflect  .   (no amulet)
rElec   .          Harm     .   (no ring)
rCorr   .          Rampage  .   (no ring)
Will    .....                   (no ring)
Stlth   ++++......              (no ring)
HPRegen 0.05/turn               (no ring)
MPRegen 0.07/turn               (no ring)
                                (no ring)
                                (no ring)

@: hasted, very quick
A: almost no armour, amphibious, 8 rings, camouflage 1, gelatinous body 1,
(nimble swimmer 1), tentacles
a: no special abilities


You were on level 5 of the Dungeon.
You visited 1 branch of the dungeon, and saw 2 of its levels.

You collected 12 gold pieces.


Innate Abilities, Weirdness & Mutations

You cannot wear most types of armour.
You are amphibious.
You can wear up to eight rings at the same time.
Your skin changes colour to match your surroundings (Stealth+).
Your rubbery body absorbs attacks. (AC +1, EV +1)
((You are camouflaged near water. (Stealth+)))
You have tentacles for arms and can constrict up to eight enemies at once.


   Skills:
 - Level 3.0 Fighting
 - Level 2.0 Long Blades
 - Level 2.0 Dodging
 + Level 6.7 Stealth


You couldn't memorise any spells.
You didn't know any spells.
Your spell library contained the following spells:

 Spells                   Type           Power      Damage    Failure   Level
 Magic Dart               Conj           0%         1d3       32%         1
 Call Imp                 Summ           0%         N/A       45%         2
 Mephitic Cloud           Conj/Pois/Air  0%         N/A       69%         3

Inventory:

Hand Weapons
 a - a +0 falchion (weapon) {long}
Missiles
 g - 7 stones (quivered) {throwing}
Magical Staves
 h - a staff of death {!astaff}
   (You found it on level 5 of the Dungeon)
Wands
 f - a wand of digging (3)
Scrolls
 b - a scroll of fog
 c - a scroll of magic mapping {!r}
 d - a scroll of fear

Dungeon Overview and Level Annotations

Branches:
Dungeon (5/15)
 Temple: D:4-7

Altars:

###.......#.#
....>..##.#.#####.#
.......##.#.......#
.......##.#..############.#
.......##..........<.......
..........##..###########.#
##+###.#####..#
#..........######.#
#.##.###....Z@....# ...
.#.....###.##.# ###
.#.#.#.# .# .#.#.### ## ##
#. .. ##


You could see a wyvern zombie.


Message History

🤖 Initializing magus.rc ...
Options error: Delay interrupt name "hungry" not recognised. (~/.crawlrc:4771) ✅ Successfully initialized magus.rc [v1.9.6] Welcome, spaghetti the Octopode Delver.
Everyone else who sought the Orb of Zot has failed.
Will you be different?
Press ? for a list of commands and other information.
Found a scroll labelled RACRAE ERUNU and a book of Minor Magic.
Found a stone staircase leading down.
Unknown command.
g - a scroll labelled RACRAE ERUNU You pick up a book of Minor Magic and begin reading...
You add the spells Magic Dart, Call Imp and Mephitic Cloud to your library.
As you read the scroll labelled RACRAE ERUNU, it crumbles to dust.
It is a scroll of identify.
You don't have any unidentified items.
Unknown command.
You now have 12 gold pieces.
Found a stone staircase leading up.
A wyvern zombie comes into view.
A wyvern zombie is nearby!
There is a stone staircase leading up here.
You climb upwards.
There is a stone staircase leading down here.
Unknown command.
Unknown command.
Okay, then.
Okay, then.
Unknown command.
Okay, then.
Unknown command.
g - 7 stones {throwing} A goblin comes into view.
It is wielding a +0 dagger.
You don't know any spells.
A goblin is nearby!
You see here an orange potion.
An ogre comes into view. It is wielding a +0 giant club.
The goblin shouts!
You hear a shout! x2
A kobold comes into view. It is wielding a +0 club.
The goblin hits you with a +0 dagger. 😕 HP[-2]
You take 2 damage, and now have 14/16 hp.
You slash the goblin!
You kill the goblin!
The kobold throws a stone.
The stone hits you but does no damage.
You see here an orange potion. 😕 HP[+1]
h - an orange potion Unknown command.
It was a potion of curing.
You feel better.
The kobold throws a stone.
The stone hits you.
Unknown command.
Unknown command.
Unknown command.
Okay, then.
Unknown command.
You don't know any spells.
Unknown command.
Unknown command.
There is a stone staircase leading down here.
You climb downwards.
There is a stone staircase leading up here.
Unknown command.
Unknown command.
Unknown command. 😎 HP[+1]
Your hp is fully restored (16).
You see here a staff of death {!astaff}.
h - a staff of death {!astaff} The wyvern zombie misses you.
Okay, then.
Okay, then.
You slash the wyvern zombie! You squeeze the wyvern zombie.
The wyvern zombie bites you!
Ouch! That really hurt!
* * * LOW HITPOINT WARNING * * *
😨 HP[-11]
You take 11 damage, and now have 5/16 hp.
MASSIVE DAMAGE!! (PAUSE) Unknown command.
Unknown command.
Unknown command.
Okay, then.
You feel yourself speed up. The wyvern zombie bites you!
Ouch! That really hurt!
You die...

Action                   || total
-------------------------++-------
Melee: Falchion          ||     2
       Tentacles         ||     1
  Use: Potion            ||     2
       Scroll            ||     1
Armor: Skin              ||     1
Dodge: Dodged            ||     1

Levels and vault maps discovered:
D:4:      layout_rooms, overflow_temple_1_default, kennysheep_small_spiral,
          due_unseen_surprise
D:5:      layout_basic, general_overflow_altar

Notes
Turn   | Place    | Note
-------+----------+-------------------------------------------
     0 | D:5      | spaghetti the Octopode Delver began the quest for the Orb.
     0 | D:5      | Reached XP level 1. HP: 16/16 MP: 1/1
     0 | D:5      | magus.rc [v1.9.6]
     8 | D:5      | You pick up a book of Minor Magic and begin reading...
     8 | D:5      | You add the spells Magic Dart, Call Imp and Mephitic Cloud
                  | to your library.
    20 | D:5      | Noticed a wyvern zombie
    58 | D:4      | Noticed an ogre
    95 | D:5      | Slain by a wyvern zombie

Vanquished Creatures
  A goblin (D:4)
1 creature vanquished.

Table legend:
 A = Non-vault XP
 B = Vault XP
 C = Vault XP percentage of total XP
 D = Non-vault monster count
 E = Vault monster count
 F = Vault count percentage of total count
                 A         B        C        D         E       F
            +---------+---------+-------+---------+---------+-------
      Total |       2 |       0 |   0.0 |       1 |       0 |   0.0
            +---------+---------+-------+---------+---------+-------
        D:4 |       2 |       0 |   0.0 |       1 |       0 |   0.0
            +---------+---------+-------+---------+---------+-------

Illustrated notes

Table legend:
 A = Kills in this place as a percentage of kills in entire the game.
 B = Kills by you in this place as a percentage of kills by you in the entire game.
 C = Kills by friends in this place as a percentage of kills by friends in the entire game.
 D = Other kills in this place as a percentage of other kills in the entire game.
 E = Experience gained in this place as a percentage of experience gained in the entire game.
 F = Experience gained in this place divided by the number of levels of this place that you have seen.
                   A       B       C       D       E      F
               +-------+-------+-------+-------+-------+----------------------
         Total | 100.0 | 100.0 |   N/A |   N/A | 100.0 |   1.0
       Dungeon | 100.0 | 100.0 |   N/A |   N/A | 100.0 |   1.0
               +-------+-------+-------+-------+-------+----------------------

Table legend: (Time is in decaauts)
 A = Elapsed time spent in this place.
 B = Non-inter-level travel time spent in this place.
 C = Inter-level travel time spent in this place.
 D = Time resting spent in this place.
 E = Time spent auto-exploring this place.
 F = Levels seen in this place.
 G = Mean time per level.
                   A        B        C        D        E       F      G
               +--------+--------+--------+--------+--------+-----+--------+
         Total |     95 |     95 |      0 |      0 |     40 |   2 |   47.5 |
       Dungeon |     95 |     95 |      0 |      0 |     40 |   2 |   47.5 |
               +--------+--------+--------+--------+--------+-----+--------+

Top non-repeatable levels by time:
     D:5: 48 daAuts
     D:4: 46 daAuts
